 Dungeon Crawl Stone Soup version 0.31.0-32-g396128a36d (webtiles) character file.

Game seed: 14017075002689412135

14113 Henri the Grappler (level 12, -9/87 HPs)
             Began as an Octopode Shapeshifter on Apr 10, 2024.
             Was a Believer of Dithmenos.
             Killed from afar by a fire dragon (27 damage)
             ... with a blast of flame
             ... on level 11 of the Dungeon.
             The game lasted 00:23:41 (12181 turns).

Henri the Grappler (Octopode Shapeshifter)         Turns: 12181, Time: 00:23:41

Health: -9/87      AC:  5    Str: 17    XL:     12   Next: 13%
Magic:  12/12      EV: 33    Int: 14    God:    Dithmenos [**....]
Gold:   589        SH:  0    Dex: 11    Spells: 11/11 levels left

rFire   + .          .
                       - Unarmed
rCold   + . .        (shield currently unavailable)
rNeg    . . .        (helmet restricted)
rPois   .            i - amulet of the acrobat
rElec   .            u - +4 ring of protection
rCorr   .            k - ring of protection from fire
SInv    .            A - ring of protection from cold
Will    .....        (no ring)
Stlth   ++           (no ring)
HPRegen 0.34/turn    (no ring)
MPRegen 0.13/turn    (no ring)
                     (no ring)

%: acrobat
@: flux-form, acrobatic, glowing
A: glow, contaminating, almost no armour, amphibious, 8 rings, camouflage 1,
gelatinous body 1, nimble swimmer 1, tentacles
a: Begin Untransformation, Renounce Religion, Shadow Step


You were on level 11 of the Dungeon.
You worshipped Dithmenos.
Dithmenos was pleased with you.
You were something dangerously unstable.
You visited 2 branches of the dungeon, and saw 13 of its levels.

You collected 589 gold pieces.

Inventory:

Missiles
 B - 5 throwing nets (quivered)
 M - 4 darts of dispersal
Jewellery
 i - an amulet of the acrobat (around mantle)
 k - a ring of protection from fire (right tentacle)
 q - an amulet of magic regeneration
 u - a +4 ring of protection (left tentacle)
 A - a ring of protection from cold (on tentacle)
Talismans
 b - a beast talisman
 c - a flux talisman (active)
 p - a serpent talisman
 G - a maw talisman
Wands
 h - a wand of polymorph (15)
 w - a wand of flame (67)
 z - a wand of digging (3)
 H - a wand of iceblast (4)
 K - a wand of acid (4)
Scrolls
 e - 2 scrolls of enchant weapon
 g - 3 scrolls of fear {unknown}
 l - 2 scrolls of enchant armour
 m - 3 scrolls of immolation
 r - 2 scrolls of vulnerability {unknown}
 s - 2 scrolls of noise {unknown}
 y - 3 scrolls of fog
 D - 4 scrolls of teleportation
 E - 2 scrolls of silence {unknown}
 I - a scroll of brand weapon {unknown}
 J - 2 scrolls of blinking {unknown}
 L - a scroll of revelation {unknown}
Potions
 a - 2 potions of lignification
 d - 3 potions of ambrosia
 f - 2 potions of enlightenment
 j - 3 potions of mutation
 n - 3 potions of degeneration {unknown}
 o - 2 potions of attraction
 t - a potion of heal wounds
 v - 2 potions of might {unknown}
 x - 2 potions of cancellation {unknown}
 C - a potion of haste {unknown}
 F - 3 potions of curing


   Skills:
 + Level 9.7 Fighting
 + Level 4.9 Dodging
 * Level 13.7 Unarmed Combat
 + Level 8.8 Shapeshifting


You had 11 spell levels left.
You didn't know any spells.
Your spell library contained the following spells:

 Spells                   Type           Power      Damage    Failure   Level
 Call Imp                 Summ           0%         N/A       41%         2
 Static Discharge         Conj/Air       0%         3-3/arc   41%         2
 Sublimation of Blood     Necr           0%         N/A       41%         2
 Airstrike                Air            0%         2d(0-16)  96%         4
 Summon Lightning Spire   Summ/Air       0%         N/A       96%         4
 Conjure Ball Lightning   Conj/Air       0%         3x3d6     100%        6
 Summon Hydra             Summ           0%         N/A       100%        7
 Discord                  Hex            0%         N/A       100%        8
 Disjunction              Tloc           0%         N/A       100%        8


Dungeon Overview and Level Annotations

Branches:
Dungeon (12/15)            Temple (1/1) D:6            Lair (0/5) D:8
    Orc (0/2) D:11

Altars:
Ashenzari
Cheibriados
Dithmenos
Elyvilon
Fedhas
Gozag
Hepliaklqana
Kikubaaqudgha
Nemelex Xobeh
Okawaru
Qazlal
Sif Muna
Trog
Uskayaw
Vehumet
Wu Jian
Xom
Yredelemnul
Zin
The Shining One

Shops:
D:6 =   D:8 =   D:11 [(

Annotations:
D:6 ring 1536g
D:8 2 transporters, ring 556g, Computerfleisch's ghost, novice MiFi; Grum


Innate Abilities, Weirdness & Mutations

You are something dangerously unstable.
You glow with magical radiation, making you easy to see and hit.
Foes you strike become dangerously contaminated with magical radiation.
You are incapable of wielding weapons or throwing items.
You cannot wear most types of armour.
You are amphibious.
You can wear up to eight rings at the same time.
Your skin changes colour to match your surroundings (Stealth+).
Your rubbery body absorbs attacks. (AC +1, EV +1)
You are camouflaged when in or above water. (Stealth+)
You have tentacles for arms and can constrict up to eight enemies at once.


Message History

You barely miss the fire elemental.
The fire elemental is moderately damaged.
The fire elemental completely misses you.
Unknown command.
You barely miss the fire elemental.
The fire elemental is moderately damaged.
The fire dragon is engulfed in blazing flames.
The fire elemental closely misses you.
Unknown command.
You bludgeon the fire elemental!
The fire elemental begins to glow.
The fire elemental is heavily damaged.
The fire elemental closely misses you.
Unknown command.
You tentacle-slap the fire elemental.
The fire elemental glows dangerously bright.
You squeeze the fire elemental.
The fire elemental is severely damaged.
The fire elemental hits you. The fire elemental burns you! You resist.
The fire dragon breathes flames at you. The blast of flame hits you!!
You resist.
You tentacle-slap the fire elemental.
The fire elemental shudders as magic cascades through it.
The fire elemental is almost destroyed.
The fire elemental closely misses you.
You bludgeon the fire elemental!
You destroy the fire elemental!
Dithmenos accepts your kill. The fire dragon bites you!
The fire dragon claws you! The fire dragon tramples you!
* * * LOW HITPOINT WARNING * * *
You stumble backwards!
You enter the shallow water.
The fire dragon breathes flames at you. The blast of flame hits you.
You resist.
* * * LOW HITPOINT WARNING * * *
Unknown command.
Okay, then.
The fire dragon breathes flames at you. The blast of flame hits you!!
You resist.
You die...

. #.######.|°###.##
...###...†...○...~#
...###......~~.°~~~#
..###.#####~~≈≈☼..~#
.# #..# #≈÷~~E≈~.#
.# #..# #~~.~D~~.##
# #..# #.~..§.~.~#
####..# #.~..~§~≈~#
......# #.~..~p~~~#
......# #.~.~~.~..#
####..#
###.~....~~≈## #..#
#...~....~...# #..#
#.#.~.∩..~.~.# #..#
#.#.~...~~~~.# ....
....~..~~~.~.#
........~~...~~~.#
###~.~~..~~~.#


You could see a fire dragon (catching breath) and a fire elemental.

Vanquished Creatures
  Harold (D:11)
  A boulder beetle (D:12)
  3 two-headed ogres
  A tengu warrior (D:10)
  An arcanist (D:10)
  An ugly thing (D:12)
  Maggie (D:10)
  2 unseen horrors
  5 trolls
  2 hornets (D:9)
  A wraith (D:10)
  5 centaur simulacra (D:11)
  11 yaks
  A fire bat (D:11)
  A fire elemental (D:11)
  A basilisk (D:11)
  Eustachio (D:6)
  A steam dragon (D:9)
  2 acid dragons (D:10)
  6 orc warriors
  A black bear (D:6)
  2 ice beasts
  A sky beast (D:7)
  An ogre (D:6)
  8 centaurs
  2 wolves (D:8)
  3 bullfrogs
  2 scorpions
  11 wights
  5 killer bees
  2 electric eels (D:11)
  7 howler monkeys
  2 bombardier beetles
  2 hounds
  3 jellies
  2 orc priests
  A gnoll bouda (D:5)
  2 iguanas
  Ijyb (D:4)
  Terence (D:2)
  A sleepcap (D:5)
  Natasha (thrice) (D:3)
  6 orc wizards
  5 gnolls (D:5)
  6 adders
  3 shadow imps
  3 white imps
  An ufetubus (D:11)
  2 dart slugs
  A ribbon worm (D:3)
  28 orcs
  5 endoplasms
  3 giant cockroaches
  9 goblins
  3 hobgoblins
  A quokka (D:2)
  2 ball pythons
  3 bats
  3 frilled lizards
  2 kobolds
  2 rats
199 creatures vanquished.

Notes
Turn   | Place    | Note
-------+----------+-------------------------------------------
     0 | D:1      | Henri the Octopode Shapeshifter began the quest for the
                  | Orb.
     0 | D:1      | Reached XP level 1. HP: 13/13 MP: 1/1
   710 | D:1      | Reached XP level 2. HP: 16/18 MP: 2/2
  1027 | D:2      | Found a hide-covered altar of Uskayaw.
  1196 | D:2      | Reached XP level 3. HP: 15/23 MP: 3/3
  1253 | D:2      | Found a faded altar of an unknown god.
  1313 | D:2      | Noticed Terence
  1442 | D:2      | Killed Terence
  1499 | D:2      | Reached XP level 4. HP: 29/29 MP: 4/4
  1556 | D:2      | Reached skill level 4 in Unarmed Combat
  1834 | D:3      | Noticed a scorpion
  2274 | D:4      | Noticed Natasha
  2286 | D:3      | Killed Natasha
  2287 | D:3      | Reached XP level 5. HP: 24/35 MP: 5/5
  2292 | D:3      | Noticed Natasha
  2298 | D:3      | Killed Natasha
  2339 | D:3      | Reached skill level 5 in Unarmed Combat
  2446 | D:3      | Noticed Natasha
  2454 | D:3      | Killed Natasha
  2455 | D:3      | Reached XP level 6. HP: 42/42 MP: 6/6
  2688 | D:4      | Noticed Ijyb
  2708 | D:4      | Killed Ijyb
  3133 | D:5      | Entered Level 5 of the Dungeon
  3154 | D:5      | Noticed a troll
  3412 | D:5      | Found an iron altar of Okawaru.
  3417 | D:5      | Reached skill level 6 in Unarmed Combat
  3439 | D:5      | Found a hide-covered altar of Uskayaw.
  3494 | D:5      | Reached XP level 7. HP: 47/47 MP: 7/7
  4020 | D:5      | Reached skill level 7 in Unarmed Combat
  4272 | D:5      | Reached XP level 8. HP: 47/54 MP: 8/8
  4569 | D:6      | Noticed Eustachio
  4579 | D:6      | Killed Eustachio
  4580 | D:6      | Reached skill level 5 in Fighting
  4580 | D:6      | Reached skill level 8 in Unarmed Combat
  4832 | D:6      | Found Seokipso's Jewellery Shoppe.
  5015 | D:6      | Found a staircase to the Ecumenical Temple.
  5024 | Temple   | Entered the Ecumenical Temple
  5030 | Temple   | Became a worshipper of Dithmenos the Shadowed
  5483 | D:6      | Reached skill level 9 in Unarmed Combat
  5741 | D:7      | Reached XP level 9. HP: 57/63 MP: 9/9
  6552 | D:7      | Reached skill level 10 in Unarmed Combat
  6685 | D:8      | Found a staircase to the Lair.
  6761 | D:8      | Found a transporter.
  6763 | D:8      | Noticed Grum
  6917 | D:8      | Noticed Computerfleisch's ghost (novice MiFi)
  6922 | D:8      | Found a transporter.
  6936 | D:8      | Identified the +7 flail of Exquisite Torment {pain, rF+}
  6936 | D:8      | Identified the +1 scale mail of Tortelloni {Fly rC+ Int-4}
  6955 | D:8      | Found Ureehon's Jewellery Emporium.
  7098 | D:8      | Identified the +6 trident "Vodeqint" {venom, rF++ Int+5}
  7098 | D:8      | Identified the ring of Urulek {Fly Int+3 Dex+6 Slay-3}
  7345 | D:8      | Reached skill level 11 in Unarmed Combat
  7475 | D:9      | Noticed a hornet
  7490 | D:9      | Noticed a two-headed ogre
  7612 | D:8      | Reached * piety under Dithmenos
  7695 | D:9      | Reached XP level 10. HP: 31/72 MP: 10/10
  7967 | D:9      | Reached skill level 5 in Shapeshifting
  9056 | D:9      | Killed a two-headed ogre
  9105 | D:9      | Noticed a two-headed ogre
  9117 | D:9      | Killed a two-headed ogre
  9118 | D:9      | Reached skill level 12 in Unarmed Combat
  9118 | D:9      | Reached XP level 11. HP: 24/78 MP: 11/11
  9567 | D:10     | Entered Level 10 of the Dungeon
  9567 | D:10     | Noticed Maggie
  9577 | D:10     | Killed Maggie
  9717 | D:10     | Noticed an arcanist
  9912 | D:10     | Found a white marble altar of Elyvilon.
 10010 | D:10     | Noticed a tengu warrior
 10022 | D:10     | Killed a tengu warrior
 10091 | D:10     | Killed an arcanist
 10091 | D:10     | Reached ** piety under Dithmenos
 10106 | D:10     | Noticed an orc knight
 10188 | D:10     | Noticed a cyclops
 10268 | D:10     | Noticed a two-headed ogre
 10279 | D:10     | Killed a two-headed ogre
 10394 | D:10     | You fall into a shaft and drop 2 floors!
 10504 | D:12     | Noticed a boulder beetle
 10520 | D:12     | Killed a boulder beetle
 10521 | D:12     | Reached skill level 13 in Unarmed Combat
 10666 | D:12     | Noticed a brown ugly thing
 10677 | D:12     | Killed a red ugly thing
 11598 | D:11     | Found Uzuxull's Weapon Boutique.
 11599 | D:11     | Found a staircase to the Orcish Mines.
 11600 | D:11     | Found Naesad's Armour Boutique.
 11759 | D:11     | Reached XP level 12. HP: 43/86 MP: 12/12
 11999 | D:11     | Noticed Harold
 12012 | D:11     | Killed Harold
 12154 | D:11     | Noticed a fire dragon
 12181 | D:11     | Killed from afar by a fire dragon

Illustrated notes

Levels and vault maps discovered:
D:1:      lemuel_arrival_broad_hall, layout_basic
D:2:      layout_loops_ring, basic_altar, basic_ecumenical_altar,
          dreamdust_princess_corridor, uniq_terence
D:3:      layout_rooms
D:4:      kennysheep_the_goblin_king, layout_rooms, minmay_misc_feat_iff,
          uniq_natasha
D:5:      layout_basic, mainiacjoe_overflow_large_starburst, minmay_bent
D:6:      layout_cave_pools, minmay_temple_entry_overgrown, serial_shops,
          nicolae_shop_competitors_out_of_business, palyth_stone_intersect,
          uniq_eustachio
D:7:      layout_basic, grunt_decor_mini_mirrors, reono_crystal_passage
D:8:      layout_rooms, erik_lair_orcish_takeover,
          gammafunk_ghost_gnarly_gnolls, serial_shops,
          nicolae_shop_advertising_works [nicolae_subvault_shop_adworks]
D:9:      layout_irregular_city
D:10:     hangedman_cross_cluster, layout_loops_ring,
          mainiacjoe_overflow_tiny_flanked, mainiacjoe_overflow_big_doors,
          hive_lemuel, uniq_maggie
D:11:     minmay_firetagon, layout_small_grid, orc_david_3, serial_ice,
          serial_ice_j, serial_ice_c, serial_ice_n, serial_ice_o, uniq_harold,
          uniq_grum
D:12:     layout_loops_corners, minmay_microvault
Temple:   sentei_temple_godly_chess

Skill      XL: |  1  2  3  4  5  6  7  8  9 10 11 |
---------------+----------------------------------+-----
Fighting       | 2 3 4 6 7 8 9 |  9.7
Unarmed Combat | 4 5 6 7 9 11 12 13 | 13.7
Shapeshifting  | 4 7 8 |  8.8
Dodging        | 4 |  4.9

Action                     |  1- 3 |  4- 6 |  7- 9 | 10-12 || total
---------------------------+-------+-------+-------+-------++-------
  Melee: Unarmed           |    46 |   100 |   191 |   289 ||   626
         Constrict         |     8 |    24 |    38 |    34 ||   104
         Tentacles         |     5 |    15 |    55 |    92 ||   167
         Punch             |       |     3 |    14 |     4 ||    21
    Use: Scroll            |       |     5 |     6 |     1 ||    12
         Potion            |       |       |       |     3 ||     3
   Stab: Sleeping          |     1 |    12 |     3 |     1 ||    17
 Armour: Skin              |    22 |    33 |    91 |   179 ||   325
  Dodge: Dodged            |    23 |    41 |   136 |   270 ||   470
   Form: Flux              |       |       |       |     1 ||     1
